 Dungeon Crawl Stone Soup version 0.22-a0-467-g5c5de1cb09 (webtiles) character file.

115 Oravi the Gusty (level 5, -3/28 HPs)
             Began as a Tengu Air Elementalist on June 10, 2018.
             Killed from afar by Robin (13 damage)
             ... with a wand of flame (11)
             ... on level 3 of the Dungeon.
             The game lasted 00:06:18 (2370 turns).

Oravi the Gusty (Tengu Air Elementalist)            Turns: 2370, Time: 00:06:19

Health: -3/28      AC:  3    Str:  8    XL:     5   Next: 0%
Magic:  1/10       EV: 13    Int: 16    God:
Gold:   113        SH:  0    Dex: 15    Spells: 4/10 levels left

rFire    . . .     SeeInvis .   (no weapon)
rCold    . . .     Gourm    .   (no shield)
rNeg     . . .     Faith    .   a - +0 robe
rPois    .         Spirit   .   (helmet restricted)
rElec    .         Reflect  .   j - +0 cloak
rCorr    .         Harm     .   (no gloves)
MR       .....                  (boots unavailable)
Stlth    ++........             (no amulet)
HPRegen  0.09/turn              (no ring)
MPRegen  0.12/turn              (no ring)

@: no status effects
A: beak, talons 3, able to fly 1
a: Fly


You were on level 3 of the Dungeon.
You were hungry.

You visited 1 branch of the dungeon, and saw 3 of its levels.

You collected 113 gold pieces.

Inventory:

Hand Weapons
 b - a +0 dagger
Missiles
 d - 62 stones (quivered)
 p - 5 javelins
 r - 8 poisoned needles
Armour
 a - a +0 robe (worn)
 j - a +0 cloak (worn)
Scrolls
 h - a scroll of teleportation {unknown}
 i - a scroll of blinking {unknown}
 k - a scroll of identify {unknown}
 l - a scroll of remove curse {unknown}
 n - a scroll of enchant armour {unknown}
 s - a scroll of immolation {unknown}
Potions
 e - a potion of haste {unknown}
 g - a potion of mutation {unknown}
 m - a potion of lignification {unknown}
 o - a potion of curing
 q - a potion of flight {unknown}
Comestibles
 c - 4 rations
 t - a chunk of flesh


   Skills:
 - Level 2.1 Dodging
 - Level 2.0 Stealth
 + Level 3.0 Spellcasting
 + Level 3.7 Conjurations
 + Level 5.2 Air Magic


You had 4 spell levels left.
You knew the following spells:

 Your Spells              Type           Power        Failure   Level  Hunger
a - Shock                 Conj/Air       ###.         3%          1    #......
b - Swiftness             Chrm/Air       ##......     10%         2    ##.....
c - Static Discharge      Conj/Air       ###.....     9%          3    ###....

Your spell library contained the following spells:

 Spells                   Type           Power        Failure   Level  Hunger
 Lightning Bolt           Conj/Air       ###.......   63%         5    ######.
 Airstrike                Air            ###.......   22%         4    #####..


Dungeon Overview and Level Annotations

Branches:
Dungeon (3/15)

Altars:
Okawaru

Annotations:
D:3 Robin


Innate Abilities, Weirdness & Mutations

You have a beak for a mouth.
You have claws for feet.
You can fly.


Message History

Robin zaps a wand.
The puff of flame hits you!
It is a wand of flame (12).
A jackal comes into view.
Robin roars a battlecry!
You hear a shout!
You hear a bark!
Casting: Shock (safe; 3% risk of failure)
Confirm with . or Enter, or press ? or * to list all spells.
Aiming: Shock (safe; 3% risk of failure)
Press: ? - help, Shift-Dir - straight line, f - Robin
Aim: Robin, wielding a club, wearing an animal skin, wearing a helmet and carrying a wand of flame (12) (severely wounded)
The zap hits Robin.
Robin is severely wounded.
Robin zaps a wand.
The puff of flame hits you!
* * * LOW HITPOINT WARNING * * *
As you read the scroll labeled HOSYLUKAK, it crumbles to dust.
You feel aware of your surroundings.
You sensed 2 altars.
It was a scroll of magic mapping.
You feel better. The orc hits you with a hand axe.
* * * LOW HITPOINT WARNING * * *
You feel better.
Robin zaps a wand.
The puff of flame hits you!
You die...

,,,,,,,,,,,',,,,,,,,,,,,...,>,**#
**,****,****,,,,,*,,,,,*,...,,,,)
*,* *,,,,,,,,,,*****,*##..,,,)#
*,** *,,,,,,,,,,,,,,,,,,...###g*
*,,* *,,,,,,,,,******.####...),*
***+***,,,,,,*,,,,,,,,.......)#**
,,,,,,,,,,,,,*,########...###.###
,,,,,**,,,,,,#.#...g..#,#.......#
,,,,,,*,,,,,,#.#@###.##.###.###g#
,,,,_,*,#+***#.#.o.#.##.# #.# #.#
***,,,,,,.## #.###.#.##.###.###.#
**,,,,,..# #.# #.#.##.#.......#
****,,*,*#.# #.# #.#g##.#g#.#####
,,,,,,,,*#.# #.# #.#.##.#.#.#,,,,
,****,,,*#.###.# #.#.##.#.#.#,***
,* *,,,,*#.....###.#h##.#)#.#,*
,* #.,,,*#.........#w...).#.#,*


You could see Robin and an orc.

Vanquished Creatures
  A jelly (D:3)
  3 oozes
  A worm (D:2)
  4 dart slugs
  A leopard gecko (D:2)
  An orc (D:3)
  2 giant cockroaches
  18 goblins
  6 hobgoblins
  6 kobolds
  A ball python (D:1)
  7 bats
  3 frilled lizards
  6 rats
60 creatures vanquished.

Notes
Turn   | Place    | Note
-------+----------+-------------------------------------------
     0 | D:1      | Oravi the Tengu Air Elementalist began the quest for the Orb.
     0 | D:1      | Reached XP level 1. HP: 10/10 MP: 4/4
   137 | D:1      | Reached XP level 2. HP: 15/15 MP: 0/6
   508 | D:1      | Reached XP level 3. HP: 19/19 MP: 0/7
  1201 | D:2      | Learned a level 2 spell: Swiftness
  1205 | D:2      | Learned a level 3 spell: Static Discharge
  1717 | D:2      | Reached XP level 4. HP: 24/24 MP: 7/9
  1827 | D:2      | Found an iron altar of Okawaru.
  2275 | D:3      | Reached skill level 5 in Air Magic
  2326 | D:3      | Noticed Robin
  2352 | D:3      | Gained mutation: You can fly. [Tengu growth]
  2352 | D:3      | Reached XP level 5. HP: 19/28 MP: 0/10
  2370 | D:3      | Killed from afar by Robin

Vault maps used:
D:1:      dpeg_arrival_connections
D:2:      okawaru_ov_weapons_minmay
D:3:      overflow_temple_1_default, chequers_ecumenical_altar_simple_redux,
          grunt_ministairs_1, minmay_misc_feat_columns, uniq_robin

Skill      XL: |  1  2  3  4 |
---------------+-------------+-----
Conjurations   | 2 3 |  3.7
Spellcasting   | 3 |  3.0
Air Magic      | 5 |  5.2
Dodging        | |  2.1
Stealth        | |  2.0

Action                   |  1- 3 |  4- 6 || total
-------------------------+-------+-------++-------
Melee: Unarmed           |     1 |       ||     1
       Kick              |     1 |       ||     1
 Cast: Shock             |    86 |    38 ||   124
  Use: Potion            |       |     2 ||     2
       Scroll            |       |     1 ||     1
  Eat: Chunk             |     3 |     2 ||     5
Armor: Robe              |     2 |     4 ||     6
Dodge: Dodged            |     4 |     8 ||    12

Table legend:
 A = Spawn XP
 B = Non-spawn XP
 C = Spawn XP percentage of total XP
 D = Spawn monster count
 E = Non-spawn monster count
 F = Spawn count percentage of total count
 G = Total turns spent on level
                    A         B        C        D         E        F      G
               +---------+---------+-------+---------+---------+-------+---------
         Total |       0 |     165 |   0.0 |       0 |      60 |   0.0 |  2370
               +---------+---------+-------+---------+---------+-------+---------
           D:1 |       0 |      43 |   0.0 |       0 |      19 |   0.0 |   961
           D:2 |       0 |      51 |   0.0 |       0 |      26 |   0.0 |  1160
           D:3 |       0 |      71 |   0.0 |       0 |      15 |   0.0 |   249
               +---------+---------+-------+---------+---------+-------+---------
